 Dungeon Crawl Stone Soup version 0.29.1-15-g9cfb28693d (webtiles) character file.

Game seed: 11033288974290365713

14 leafyfresh the Sneak (level 2, 0/21 HPs)
             Began as an Octopode Delver on Mar 4, 2023.
             Succumbed to an adder's poison
             ... on level 3 of the Dungeon.
             The game lasted 00:00:41 (308 turns).

leafyfresh the Sneak (Octopode Delver)               Turns: 308, Time: 00:00:41

Health: 0/21       AC:  1    Str: 11    XL:     2   Next: 41%
Magic:  11/11      EV: 13    Int: 12    God:
Gold:   0          SH:  0    Dex: 13    Spells: 1/1 levels left

rFire   . . .      SeeInvis .   a - +0 short sword
rCold   . . .      Faith    .   (no shield)
rNeg    . . .      Spirit   .   (helmet restricted)
rPois   .          Reflect  .   (no amulet)
rElec   .          Harm     .   g - ring of magical power
rCorr   .          Rampage  .   (no ring)
Will    .....                   (no ring)
Stlth   ++++......              (no ring)
HPRegen 0.07/turn               (no ring)
MPRegen 0.12/turn               (no ring)
                                (no ring)
                                (no ring)

@: lethally poisoned (0 -> -3)
A: almost no armour, amphibious, 8 rings, camouflage 1, gelatinous body 1,
(nimble swimmer 1), tentacles
a: no special abilities


You were on level 3 of the Dungeon.
You visited 1 branch of the dungeon, and saw 3 of its levels.

Inventory:

Hand Weapons
 a - a +0 short sword (weapon)
Jewellery
 g - a ring of magical power (left tentacle)
Wands
 f - a wand of digging (3)
Scrolls
 b - a scroll of fog
 c - a scroll of magic mapping
 d - a scroll of fear
Potions
 e - a potion of haste


   Skills:
 + Level 3.2 Fighting
 - Level 2.0 Short Blades
 + Level 2.3 Dodging
 + Level 6.8 Stealth


You had one spell level left.
You didn't know any spells.
Your spell library was empty.

Dungeon Overview and Level Annotations

Branches:
Dungeon (5/15)
 Temple: D:4-7

Altars:


Innate Abilities, Weirdness & Mutations

You cannot wear most types of armour.
You are amphibious.
You can wear up to eight rings at the same time.
Your skin changes colour to match your surroundings (Stealth+).
Your rubbery body absorbs attacks. (AC +1, EV +1)
((You are camouflaged when in or above water. (Stealth+)))
You have tentacles for arms and can constrict up to eight enemies at once.


Message History

You kill the hobgoblin!
No target in view!
No target in view!
Found a stone staircase leading down.
No target in view!
A worm comes into view.
A worm is nearby!
An adder and an orc come into view.
There are monsters nearby!
A kobold comes into view. It is wielding a +0 whip.
Found 6 gold pieces.
You hit the worm. You grab the worm.
The worm is moderately wounded.
You constrict the worm.
The adder hisses angrily.
You hit the worm.
The worm is heavily wounded.
You constrict the worm. The worm bites you. The adder bites you.
You are poisoned.
The adder poisons you!
You hit the worm.
The worm is heavily wounded.
You constrict the worm.
You feel sick. The adder bites you.
You are too injured to fight recklessly!
You are too injured to fight recklessly!
Unknown command.
You release your grip on the worm.
You feel sick.
You feel sick.
You feel sick. The adder bites you.
* * * LOW HITPOINT WARNING * * *
You are lethally poisoned!
The adder poisons you!
* * * LOW HITPOINT WARNING * * *
You feel sick.
You closely miss the adder. Your grab misses the adder.
* * * LOW HITPOINT WARNING * * *
You feel sick. The adder barely misses you.
You hit the adder. Your grab misses the adder.
The adder is lightly wounded.
You die...

# .# #. .#
.###.###.#
K.....>..###.##
#.#........$
#.#.#w#####.##
#....o# ###.#S#
...#@# ### #.#
#.# #.# #.#
####.# ##....#
##..####
######..##


You could see a worm, an adder and an orc.

Vanquished Creatures
  An adder (D:3)
  An orc (D:4)
  2 hobgoblins
4 creatures vanquished.

Notes
Turn   | Place    | Note
-------+----------+-------------------------------------------
     0 | D:5      | leafyfresh the Octopode Delver began the quest for the Orb.
     0 | D:5      | Reached XP level 1. HP: 16/16 MP: 1/1
   158 | D:4      | Identified the +3 spear "Lusmeyce" {venom, rPois rC+}
   158 | D:4      | Identified the +0 buckler of Light {*Corrode rElec rF-
                  | Slay+5}
   158 | D:4      | Noticed a gnoll sergeant
   184 | D:3      | Reached XP level 2. HP: 16/21 MP: 1/2
   307 | D:3      | HP: 1/21 [poisoned by an adder]
   308 | D:3      | Succumbed to an adder's poison

Illustrated notes

Levels and vault maps discovered:
D:3:      layout_basic
D:4:      layout_layer_cave, mainiacjoe_overflow_surrounded_room,
          gammafunk_ghost_gnarly_gnolls, kennysheep_diamond, uniq_grinder
D:5:      layout_basic, zin_purify, old_standard_altar, serial_shops, shop,
          enter_ossuary_2, kennysheep_cross_bottleneck, uniq_crazy_yiuf_cottage

Action                   || total
-------------------------++-------
Melee: Short sword       ||    12
       Constrict         ||     3
 Stab: Sleeping          ||     2
Dodge: Dodged            ||     5
